 Dungeon Crawl Stone Soup version 0.23-a0-183-gf37f6fb (webtiles) character file.

2964 mandick the Blocker (level 9, -3/74 HPs)
             Began as a Gnoll Fighter on Sept 22, 2018.
             Was a Priest of Cheibriados.
             Slain by a hornet (11 damage)
             ... on level 8 of the Dungeon.
             The game lasted 00:36:29 (8337 turns).

mandick the Blocker (Gnoll Fighter)                 Turns: 8337, Time: 00:36:30

Health: -3/74      AC:  9    Str: 28    XL:     9   Next: 82%
Magic:  15/15      EV: 14    Int: 17    God:    Cheibriados [***...]
Gold:   379        SH: 13    Dex: 23    Spells: 17/17 levels left

rFire    . . .     SeeInvis .   k - +0 long sword (flame)
rCold    . . .     Gourm    .   c - +0 shield
rNeg     + . .     Faith    .   q - +1 leather armour {rN+}
rPois    .         Spirit   .   (no helmet)
rElec    .         Reflect  .   t - +1 cloak
rCorr    .         Harm     .   (no gloves)
MR       .....                  (no boots)
Stlth    +++.......             (no amulet)
HPRegen  0.22/turn              e - +2 ring of protection
MPRegen  0.14/turn              (no ring)

@: lethally poisoned (-3 -> -33), very slightly contaminated, slowed, invisible,
very slow
A: distributed training, fangs 1, strong nose
a: Bend Time, Temporal Distortion, Renounce Religion


You were on level 8 of the Dungeon.
You worshipped Cheibriados.
Cheibriados was most pleased with you.
You were not hungry.

You visited 2 branches of the dungeon, and saw 9 of its levels.

You collected 379 gold pieces.

Inventory:

Hand Weapons
 a - a +2 hunting sling of flaming
 b - a +2 dagger of venom
 k - a +0 long sword of flaming (weapon)
 u - a +4 mace
 y - a +2 short sword of freezing
 A - a +0 hand axe of flaming
 C - a +0 blowgun
Missiles
 h - 266 stones
 j - 108 arrows
 s - 5 steel javelins (quivered)
 v - 7 curare-tipped needles
 x - 17 poisoned needles
 E - 27 sling bullets
Armour
 c - a +0 shield (worn)
 g - a +0 chain mail
 q - a +1 leather armour of positive energy (worn)
 t - a +1 cloak (worn)
 B - a +0 scale mail
Jewellery
 e - a +2 ring of protection (left hand)
Wands
 z - a wand of iceblast (9)
 G - a wand of paralysis (15)
Scrolls
 l - 8 scrolls of remove curse
 o - a scroll of blinking
 p - 9 scrolls of teleportation
 H - 2 scrolls of amnesia {unknown}
 K - a scroll of immolation
Potions
 d - 3 potions of might
 i - a potion of flight
 n - a potion of mutation
 r - a potion of resistance
 w - a potion of agility
 D - a potion of berserk rage
Comestibles
 f - 13 rations


   Skills:
 + Level 8.0 Fighting
 + Level 4.5 Short Blades
 + Level 4.5 Long Blades
 + Level 6.5 Axes
 + Level 4.5 Maces & Flails
 + Level 4.5 Polearms
 + Level 4.5 Staves
 + Level 4.5 Slings
 + Level 4.5 Bows
 + Level 4.5 Crossbows
 + Level 4.5 Throwing
 + Level 8.0 Armour
 + Level 4.5 Dodging
 + Level 4.5 Stealth
 + Level 8.0 Shields
 + Level 4.5 Unarmed Combat
 + Level 4.5 Spellcasting
 + Level 3.7 Conjurations
 + Level 3.7 Hexes
 + Level 3.7 Charms
 + Level 3.7 Summonings
 + Level 3.7 Necromancy
 + Level 3.7 Translocations
 + Level 3.7 Transmutations
 + Level 3.7 Fire Magic
 + Level 3.7 Ice Magic
 + Level 3.7 Air Magic
 + Level 3.7 Earth Magic
 + Level 3.7 Poison Magic
 + Level 5.0 Invocations
 + Level 4.5 Evocations


You had 17 spell levels left.
You didn't know any spells.
Your spell library was empty.

Dungeon Overview and Level Annotations

Branches:
Dungeon (8/15)             Temple (1/1) D:5
   Lair: D:8-11

Altars:
Cheibriados
Dithmenos
Elyvilon
Fedhas
Hepliaklqana
Kikubaaqudgha
Makhleb
Nemelex Xobeh
Okawaru
Qazlal
Ru
Sif Muna
Trog
Uskayaw
Vehumet
Wu Jian
Yredelemnul
The Shining One


Innate Abilities, Weirdness & Mutations

Your experience applies equally to all skills.
You have very sharp teeth.
Your uncanny sense of smell can sniff out nearby items.


Message History

The centaur skeleton completely misses you.
The orc throws a stone.
The stone closely misses the bullfrog zombie.
The stone hits you but does no damage. The bullfrog zombie hits you.
* * * LOW HITPOINT WARNING * * *
The hornet stings you but does no damage.
You can move again.
Things that are here:
a stone; 2 tomahawks
* * * LOW HITPOINT WARNING * * *
You feel very sick. The hornet closely misses you.
The orc throws a stone.
The stone hits the centaur skeleton.
You block the centaur skeleton's attack.
The orc throws a stone.
The stone closely misses the orc priest.
The stone hits the centaur skeleton.
The centaur skeleton hits you.
* * * LOW HITPOINT WARNING * * *
The hornet stings you!
You die...

........ ∆ o...
.....O.... ......
........ [.... #.
#...# ...#
##.##l..###...##.
#........%.o.....
#...)...(........
#......(yo(......
#......@ZZo......
####
######..##+####...###
....##...##..##...#
..s#
..................#
.....
..................#
......
...>......)[......+
.....
.##.#..#..<####...# .
# ####...########
#....'......######


You could see a two-headed ogre (wandering), a hornet, an iguana (wandering), an
orc priest, 2 orcs, a bullfrog zombie and a centaur skeleton.

Vanquished Creatures
  A hungry ghost (D:7)
  An orc warrior (D:7)
  4 ice beasts
  4 ogres
  A necrophage (D:7)
  A centaur (D:5)
  A big kobold (D:5)
  A bullfrog (D:7)
  7 killer bees (D:7)
  A troll zombie (D:7)
  A howler monkey (D:6)
  3 wights (D:7)
  A crimson imp (D:7)
  A bullfrog skeleton (D:8)
  A hound (D:5)
  A quasit (D:7)
  Crazy Yiuf (D:5)
  2 human zombies (D:7)
  4 orc priests
  2 jellies (D:5)
  2 gnoll shamans
  3 human skeletons (D:7)
  An iguana (D:6)
  5 orc wizards
  7 worker ants
  An ogre zombie (D:7)
  A hound zombie (D:7)
  A mummy (D:7)
  14 gnolls
  9 adders
  2 shadow imps
  3 oozes
  An adder zombie (D:6)
  A worm (D:4)
  2 dart slugs (D:3)
  A leopard gecko (D:1)
  20 orcs
  3 bats
  4 giant cockroaches
  7 goblins
  7 hobgoblins
  9 jackals
  11 kobolds
  2 quokkas (D:7)
  A ball python (D:1)
  2 frilled lizards (D:3)
  3 leopard gecko skeletons
  8 rats
  A fungus (D:5)
171 creatures vanquished.

Vanquished Creatures (others)
  4 toadstools (D:1)
4 creatures vanquished.

Grand Total: 175 creatures vanquished

Notes
Turn   | Place    | Note
-------+----------+-------------------------------------------
     0 | D:1      | mandick the Gnoll Fighter began the quest for the Orb.
     0 | D:1      | Reached XP level 1. HP: 23/23 MP: 1/1
   134 | D:1      | Reached XP level 2. HP: 27/29 MP: 2/2
   612 | D:2      | Reached XP level 3. HP: 35/35 MP: 3/3
   779 | D:2      | Reached skill level 1 in Invocations
   814 | D:2      | Found a white marble altar of Elyvilon.
  1094 | D:3      | Found a sacrificial altar of Ru.
  1104 | D:3      | Reached skill level 1 in Short Blades
  1104 | D:3      | Reached skill level 1 in Long Blades
  1104 | D:3      | Reached skill level 1 in Maces & Flails
  1104 | D:3      | Reached skill level 1 in Polearms
  1104 | D:3      | Reached skill level 1 in Staves
  1104 | D:3      | Reached skill level 1 in Slings
  1104 | D:3      | Reached skill level 1 in Bows
  1104 | D:3      | Reached skill level 1 in Crossbows
  1104 | D:3      | Reached skill level 1 in Throwing
  1104 | D:3      | Reached skill level 1 in Dodging
  1104 | D:3      | Reached skill level 1 in Stealth
  1104 | D:3      | Reached skill level 1 in Unarmed Combat
  1104 | D:3      | Reached skill level 1 in Spellcasting
  1104 | D:3      | Reached skill level 1 in Evocations
  1104 | D:3      | Reached XP level 4. HP: 37/41 MP: 5/5
  1287 | D:3      | Reached skill level 1 in Conjurations
  1287 | D:3      | Reached skill level 1 in Hexes
  1287 | D:3      | Reached skill level 1 in Charms
  1287 | D:3      | Reached skill level 1 in Summonings
  1287 | D:3      | Reached skill level 1 in Necromancy
  1287 | D:3      | Reached skill level 1 in Translocations
  1287 | D:3      | Reached skill level 1 in Transmutations
  1287 | D:3      | Reached skill level 1 in Fire Magic
  1287 | D:3      | Reached skill level 1 in Ice Magic
  1287 | D:3      | Reached skill level 1 in Air Magic
  1287 | D:3      | Reached skill level 1 in Earth Magic
  1287 | D:3      | Reached skill level 1 in Poison Magic
  1298 | D:3      | Reached XP level 5. HP: 29/47 MP: 6/6
  1314 | D:3      | Found a sparkling altar of Nemelex Xobeh.
  2153 | D:4      | Found a radiant altar of Vehumet.
  2874 | D:4      | Reached XP level 6. HP: 50/53 MP: 8/8
  3325 | D:5      | Entered Level 5 of the Dungeon
  3345 | D:5      | Found a staircase to the Ecumenical Temple.
  3349 | D:5      | Noticed an ice beast
  3362 | D:5      | Killed an ice beast
  3362 | D:5      | Reached skill level 5 in Axes
  3393 | Temple   | Entered the Ecumenical Temple
  3447 | Temple   | Became a worshipper of Cheibriados the Contemplative
  3514 | D:5      | Found a deep blue altar of Sif Muna.
  3570 | D:5      | Reached XP level 7. HP: 54/59 MP: 10/10
  3713 | D:5      | Found a stormy altar of Qazlal.
  4125 | D:5      | Reached * piety under Cheibriados
  4125 | D:5      | Reached XP level 8. HP: 66/67 MP: 12/12
  4347 | D:5      | Found a runed door.
  4352 | D:5      | Noticed Crazy Yiuf
  4361 | D:5      | Killed Crazy Yiuf
  6132 | D:7      | Found a sparkling altar of Nemelex Xobeh.
  6198 | D:7      | Reached ** piety under Cheibriados
  6211 | D:7      | Reached XP level 9. HP: 59/72 MP: 14/14
  7066 | D:7      | Found an ancient bone altar of Kikubaaqudgha.
  7634 | D:7      | Reached *** piety under Cheibriados
  8244 | D:8      | Reached skill level 5 in Invocations
  8327 | D:8      | Noticed a hornet
  8330 | D:8      | Noticed a two-headed ogre
  8331 | D:8      | Paralysed by a hornet for 1 turns
  8336 | D:8      | Paralysed by a hornet for 1 turns
  8337 | D:8      | Slain by a hornet

Vault maps used:
D:1:      ldierk_water_garden
D:2:      elyvilon_altar_5
D:3:      lemuel_upstairs_altar, nicolae_ru_great_annihilating_truth,
          old_standard_altar, hangedman_feature_mirror
D:4:      wad_river_or_something, nicolae_overflow_crystal_walls, first_ration
D:5:      grunt_qazlal_sundering, minmay_temple_entry_mist, basic_altar,
          st_stairs_13, uniq_crazy_yiuf_cottage
D:6:      nicolae_ossuary_entry_monument, grunt_ministairs_3
D:7:      lemuel_mausoleum_altar_kikubaaqudgha, basic_altar
D:8:      dpeg_oklobed_lair, uniq_psyche
Temple:   dshaligram_water_room_temple

Skill      XL: |  1  2  3  4  5  6  7  8  9 |
---------------+----------------------------+-----
Invocations    | 1 2 3 4 5 |  5.0
Short Blades   | 1 2 3 4 |  4.5
Long Blades    | 1 2 3 4 |  4.5
Maces & Flails | 1 2 3 4 |  4.5
Polearms       | 1 2 3 4 |  4.5
Staves         | 1 2 3 4 |  4.5
Slings         | 1 2 3 4 |  4.5
Bows           | 1 2 3 4 |  4.5
Crossbows      | 1 2 3 4 |  4.5
Throwing       | 1 2 3 4 |  4.5
Dodging        | 1 2 3 4 |  4.5
Stealth        | 1 2 3 4 |  4.5
Unarmed Combat | 1 2 3 4 |  4.5
Spellcasting   | 1 2 3 4 |  4.5
Evocations     | 1 2 3 4 |  4.5
Conjurations   | 1 2 3 |  3.7
Hexes          | 1 2 3 |  3.7
Charms         | 1 2 3 |  3.7
Summonings     | 1 2 3 |  3.7
Necromancy     | 1 2 3 |  3.7
Translocations | 1 2 3 |  3.7
Transmutations | 1 2 3 |  3.7
Fire Magic     | 1 2 3 |  3.7
Ice Magic      | 1 2 3 |  3.7
Air Magic      | 1 2 3 |  3.7
Earth Magic    | 1 2 3 |  3.7
Poison Magic   | 1 2 3 |  3.7
Axes           | 5 6 |  6.5
Fighting       | 7 8 |  8.0
Armour         | 7 8 |  8.0
Shields        | 7 8 |  8.0

Action                   |  1- 3 |  4- 6 |  7- 9 || total
-------------------------+-------+-------+-------++-------
Melee: War axe           |    79 |   135 |    53 ||   267
       Bite              |     9 |    16 |    96 ||   121
       Short sword       |       |       |    34 ||    34
       Dagger            |       |       |   245 ||   245
       Hand axe          |       |       |    29 ||    29
       Scimitar          |       |       |    88 ||    88
       Long sword        |       |       |    11 ||    11
 Fire: Hunting sling     |       |       |    19 ||    19
Throw: Stone             |       |     3 |     1 ||     4
       Javelin           |       |       |     2 ||     2
  Use: Scroll            |       |       |    13 ||    13
       Potion            |       |       |     8 ||     8
 Stab: Invisible         |       |     1 |       ||     1
       Sleeping          |       |       |     7 ||     7
       Distracted        |       |       |     1 ||     1
  Eat: Chunk             |     1 |     8 |     8 ||    17
       Ration            |       |       |     1 ||     1
Armor: Scale mail        |    27 |    47 |    25 ||    99
       Leather armour    |       |       |    77 ||    77
Dodge: Dodged            |    26 |    30 |   193 ||   249
Block: Shield            |    39 |    80 |   264 ||   383
       Rpst.: Scimitar   |       |       |     8 ||     8
       Long sword        |       |       |     1 ||     1

Table legend:
 A = Non-vault XP
 B = Vault XP
 C = Vault XP percentage of total XP
 D = Non-vault monster count
 E = Vault monster count
 F = Vault count percentage of total count
                 A         B        C        D         E       F
            +---------+---------+-------+---------+---------+-------
      Total |    3438 |     797 |  18.8 |     145 |      25 |  14.7
            +---------+---------+-------+---------+---------+-------
        D:1 |      33 |       0 |   0.0 |      18 |       0 |   0.0
        D:2 |      31 |       0 |   0.0 |      13 |       0 |   0.0
        D:3 |      88 |      40 |  31.2 |      16 |       4 |  20.0
        D:4 |     115 |      18 |  13.5 |       8 |       4 |  33.3
        D:5 |     857 |      62 |   6.7 |      30 |       3 |   9.1
        D:6 |     898 |      88 |   8.9 |      23 |       2 |   8.0
        D:7 |    1257 |     589 |  31.9 |      32 |      12 |  27.3
        D:8 |     159 |       0 |   0.0 |       5 |       0 |   0.0
            +---------+---------+-------+---------+---------+-------
